 Dungeon Crawl Stone Soup version 0.22-a0-362-g535178c (webtiles) character file.

6327 PegasusDuck the Spear-Bearer (level 10, -11/80 HPs)
             Began as a Merfolk Gladiator on Apr 20, 2018.
             Was an Initiate of Gozag.
             Mangled by a bone dragon (14 damage)
             ... on level 1 of the Abyss.
             The game lasted 00:19:02 (7964 turns).

PegasusDuck the Spear-Bearer (Merfolk Gladiator)    Turns: 7964, Time: 00:19:03

Health: -11/80     AC: 10    Str: 19    XL:     10   Next: 95%
Magic:  10/10      EV: 18    Int:  9    God:    Gozag
Gold:   831        SH:  0    Dex: 15    Spells: 9/9 levels left

rFire    + . .     SeeInvis +   a - +0 trident
rCold    + . .     Gourm    .   (no shield)
rNeg     . . .     Faith    .   u - +0 troll leather armour {Purgy}
rPois    .         Spirit   .   c - +0 helmet
rElec    .         Reflect  .   (no cloak)
rCorr    .         Harm     .   (no gloves)
MR       .....                  t - +2 pair of boots
Stlth    ++........             (no amulet)
HPRegen  0.63/turn              j - ring of protection from fire
MPRegen  0.12/turn              l - ring of see invisible

@: about to teleport
A: change form in water, swift swim, stealthy swim, thin metallic scales 1, cold
resistance 1, strong 1
a: Potion Petition, Call Merchant, Bribe Branch, Renounce Religion


You were on level 1 of the Abyss.
You worshipped Gozag.
Gozag was pleased with you.
You were not hungry.

You visited 1 branch of the dungeon, and saw 9 of its levels.
You visited the Abyss 1 time.
You also visited: Sewer.

You collected 1004 gold pieces.
You spent 64 gold pieces at shops.
You paid 109 gold pieces to Gozag.

Inventory:

Hand Weapons
 a - a +0 trident (weapon)
Missiles
 d - 3 throwing nets
 h - 339 stones (quivered)
Armour
 c - a +0 helmet (worn)
 t - a +2 pair of boots (worn)
 u - a +0 troll leather armour (worn) {Purgy}
Jewellery
 j - a ring of protection from fire (left hand)
 k - an uncursed ring of wizardry
 l - a ring of see invisible (right hand)
Wands
 z - a wand of flame (6)
Scrolls
 b - a scroll of remove curse
 o - 2 scrolls of fear
 r - 4 scrolls of teleportation
 w - a scroll of blinking
Potions
 e - 3 potions of mutation
 i - 2 potions of berserk rage {unknown}
 p - a potion of invisibility {unknown}
 s - 3 potions of degeneration {unknown}
 v - 5 potions of flight
 x - a potion of magic {unknown}
 A - 2 potions of heal wounds {unknown}
 B - a potion of haste
 C - a potion of agility {unknown}
Comestibles
 f - 14 rations


   Skills:
 + Level 8.2 Fighting
 * Level 14.3 Polearms
 - Level 7.2 Throwing
 + Level 0.6 Armour
 - Level 10.1 Dodging
 - Level 2.8 Stealth


You had 9 spell levels left.
You didn't know any spells.

Dungeon Overview and Level Annotations

Branches:
Dungeon (9/15)             Temple (0/1) D:7             Orc (0/2) D:9
   Lair: D:8-11

Altars:
Dithmenos
Elyvilon
Fedhas
Gozag
Hepliaklqana
Nemelex Xobeh
Okawaru
Sif Muna
Trog
Vehumet
Wu Jian
Xom
Zin

Shops:
D:5 *

Annotations:
D:5 exclusion: statue
D:9 Psyche


Innate Abilities, Weirdness & Mutations

You revert to your normal form in water.
You are very nimble and swift while swimming.
You are very stealthy in the water. (Stealth+)
You are partially covered in thin metallic scales. (AC +2)
Your flesh is cold resistant. (rC+)
Your muscles are strong. (Str +2)


Message History

You hit the bone dragon.
The bone dragon is lightly damaged.
The bone dragon bites you!! The bone dragon claws you!
* * * LOW HITPOINT WARNING * * *
The bone dragon misses you.
Unknown command.
You feel better. The bone dragon bites you!
* * * LOW HITPOINT WARNING * * *
The bone dragon claws you but does no damage.
The bone dragon tramples you!
* * * LOW HITPOINT WARNING * * *
You hold your ground!
Unknown command.
Okay, then.
You feel better. The bone dragon bites you!!
* * * LOW HITPOINT WARNING * * *
The bone dragon claws you but does no damage.
The bone dragon tramples you!
You die...
Your body crumbles into a pile of gold.

### ## # ####.##
. .# ..#..##
.#.#..#X.# #
####....######
...# .......#
#D@#
.#.....D..#.#####
. .5.#. #.# # #
..#X# # .#.. .
#.#...#. ...#.. .
#.#. ...!#.
..##.#. # # ...
.#. # # # .# #
#.#.# #.#


You could see a bone dragon.

Vanquished Creatures
  Erolcha (D:9)
  Erica (D:9)
  2 two-headed ogres
  Grinder (D:3)
  A hippogriff (D:8)
  A small abomination (Abyss:1)
  A hungry ghost (D:3)
  An orc warrior (D:7)
  Purgy (Sewer)
  An ice beast (D:6)
  2 sky beasts (D:5)
  A necrophage (D:5)
  A black bear (D:8)
  2 centaurs
  4 ogres
  4 phantoms
  A bullfrog (D:8)
  3 scorpions
  4 killer bees (D:9)
  2 howler monkeys (D:9)
  2 crimson imps
  2 bullfrog zombies
  A centaur zombie (D:8)
  5 hounds
  6 orc wizards
  A bullfrog skeleton (D:4)
  3 orc priests
  3 iguanas
  4 worker ants
  6 ogre zombies (D:9)
  A hound zombie (D:6)
  A hound skeleton (D:6)
  A howler monkey zombie (D:9)
  12 adders
  A river rat (D:4)
  3 shadow imps
  2 oozes (D:5)
  An adder zombie (D:8)
  An adder skeleton (D:6)
  4 worms
  3 dart slugs
  7 leopard geckos
  24 orcs
  13 giant cockroaches
  5 goblins
  4 hobgoblins
  7 jackals
  15 kobolds
  4 quokkas
  8 bats
  3 frilled lizards
  A goblin skeleton (D:9)
  4 goblin zombies (D:9)
  2 hobgoblin skeletons (D:9)
  2 hobgoblin zombies (D:9)
  A leopard gecko skeleton (D:4)
  A leopard gecko zombie (D:7)
  11 orc zombies (D:9)
  A quokka skeleton (D:4)
  9 rats
220 creatures vanquished.

Notes
Turn   | Place    | Note
-------+----------+-------------------------------------------
     0 | D:1      | PegasusDuck the Merfolk Gladiator began the quest for the Orb.
     0 | D:1      | Reached XP level 1. HP: 16/16 MP: 1/1
   206 | D:1      | Reached XP level 2. HP: 23/23 MP: 2/2
   618 | D:1      | Reached skill level 5 in Polearms
  1102 | D:2      | Reached XP level 3. HP: 27/28 MP: 3/3
  1147 | D:2      | Found a shimmering altar of Xom.
  1173 | D:2      | Found a shadowy altar of Dithmenos.
  1449 | D:2      | Reached XP level 4. HP: 34/34 MP: 4/4
  1470 | D:2      | Found an ornate altar of the Wu Jian Council.
  1783 | D:3      | Noticed a hungry ghost
  1810 | D:3      | Killed a hungry ghost
  1810 | D:3      | Reached skill level 6 in Polearms
  1810 | D:3      | Reached skill level 5 in Dodging
  1810 | D:3      | Reached XP level 5. HP: 34/41 MP: 5/5
  1952 | D:3      | Noticed Grinder
  1959 | D:3      | Paralysed by Grinder for 5 turns
  1976 | D:3      | Killed Grinder
  1976 | D:3      | Reached skill level 7 in Polearms
  1976 | D:3      | Reached XP level 6. HP: 30/48 MP: 6/6
  2363 | D:3      | Reached XP level 7. HP: 51/54 MP: 7/7
  2610 | D:4      | Reached skill level 8 in Polearms
  2660 | D:4      | Found a glowing drain.
  2674 | Sewer    | Entered a sewer
  2677 | Sewer    | Noticed Purgy
  2683 | Sewer    | Killed Purgy
  2990 | D:4      | Found a sparkling altar of Nemelex Xobeh.
  3511 | D:5      | Entered Level 5 of the Dungeon
  3568 | D:5      | Found Kiom's Assorted Antiques.
  3578 | D:5      | Bought a scroll of identify for 64 gold pieces
  3608 | D:5      | Reached skill level 9 in Polearms
  3608 | D:5      | Reached XP level 8. HP: 61/61 MP: 8/8
  3753 | D:5      | Reached skill level 5 in Fighting
  3753 | D:5      | Reached skill level 1 in Stealth
  3799 | D:5      | Found a blossoming altar of Fedhas.
  3902 | D:5      | Reached skill level 10 in Polearms
  4090 | D:5      | Found a bloodstained altar of Trog.
  4250 | D:5      | Found a radiant altar of Vehumet.
  4389 | D:6      | Reached skill level 5 in Throwing
  4487 | D:6      | Reached XP level 9. HP: 43/68 MP: 9/9
  4627 | D:6      | Found an iron altar of Okawaru.
  5028 | D:6      | Reached skill level 11 in Polearms
  5127 | D:7      | Got a steaming ring mail
  5151 | D:7      | Identified the +1 ring mail "Foutes" {-Tele rF++ MR+++ Regen+} (You found it on level 7 of the Dungeon)
  5453 | D:7      | Found a glowing silver altar of Zin.
  5453 | D:7      | Found an opulent altar of Gozag.
  5511 | D:7      | Became a worshipper of Gozag Ym Sagoz the Greedy
  5537 | D:7      | Found a staircase to the Ecumenical Temple.
  5843 | D:7      | Found a hazy altar of Hepliaklqana.
  6023 | D:7      | Gained mutation: Your flesh is cold resistant. (rC+) [potion of mutation]
  6023 | D:7      | Gained mutation: You are partially covered in thin metallic scales. (AC +2) [potion of mutation]
  6023 | D:7      | Gained mutation: Your muscles are strong. (Str +2) [potion of mutation]
  6457 | D:8      | Found a white marble altar of Elyvilon.
  6534 | D:8      | Reached skill level 12 in Polearms
  6979 | D:8      | Found a deep blue altar of Sif Muna.
  7062 | D:8      | Noticed a two-headed ogre
  7067 | D:8      | Killed a two-headed ogre
  7067 | D:8      | Reached XP level 10. HP: 79/79 MP: 10/10
  7234 | D:9      | Noticed a two-headed ogre
  7287 | D:9      | Found a staircase to the Orcish Mines.
  7339 | D:9      | Reached skill level 13 in Polearms
  7461 | D:9      | Noticed Erolcha
  7477 | D:9      | Noticed Erica
  7489 | D:9      | Noticed Psyche
  7494 | D:9      | Killed Erica
  7540 | D:9      | Killed Erolcha
  7757 | D:9      | Killed a two-headed ogre
  7757 | D:9      | Reached skill level 14 in Polearms
  7757 | D:9      | Reached skill level 10 in Dodging
  7774 | D:9      | Found a shadowy altar of Dithmenos.
  7830 | D:9      | Cast into level 1 of the Abyss (Psyche)
  7878 | Abyss:1  | Noticed a worldbinder
  7945 | Abyss:1  | Noticed a bone dragon
  7964 | Abyss:1  | HP: 3/80 [bone dragon (22)]
  7964 | Abyss:1  | Mangled by a bone dragon

Vault maps used:
D:1:      co_arrival_square_in_a_square_in_a_square
D:2:      kennysheep_big_flooded_room, marbit_many_paths, xom_teletrap_fun,
          nicolae_overflow_hidden_temple, first_ration, kennysheep_small_spiral,
          nicolae_dithmenos_through_a_glass_darkly
D:3:      uniq_grinder
D:4:      nemelex_xobeh_ov_fountains_minmay, serial_undead, serial_undead_e,
          serial_undead_e, serial_undead_b, serial_undead_f,
          gup_sewer_entry_bubbles
D:5:      vehumet_statue, bloody_trog, serial_shops, shop, basic_altar,
          st_stairs_10
D:6:      overflow_temple_1_default, minmay_stone_trees_medium
D:7:      grunt_temple_overflow_gold_and_silver, nicolae_overflow_crystal_walls,
          temple_statues
D:8:      lemuel_round_altar, lemuel_blue_sif_altar
D:9:      zombieorc2_lemuel, basic_altar, david_nohive_1, uniq_psyche,
          uniq_erica, uniq_erolcha
Sewer:    kennysheep_door_sewer

Skill      XL: |  1  2  3  4  5  6  7  8  9 10 |
---------------+-------------------------------+-----
Polearms       | 5 6 7 9 10 12 14 | 14.3
Fighting       | 3 4 5 7 8 |  8.2
Throwing       | 3 4 5 6 7 |  7.2
Dodging        | 5 6 7 9 10 | 10.1
Stealth        | 2 |  2.8
Armour         | |  0.6

Action                   |  1- 3 |  4- 6 |  7- 9 | 10-12 || total
-------------------------+-------+-------+-------+-------++-------
Melee: Trident           |   102 |    89 |   581 |   244 ||  1016
       Tailslap          |       |       |     2 |       ||     2
Throw: Throwing net      |       |     4 |       |       ||     4
       Tomahawk          |       |       |     3 |     3 ||     6
       Stone             |       |       |     1 |    19 ||    20
Evoke: Wand              |       |       |     5 |     8 ||    13
  Use: Scroll            |       |     3 |     7 |     8 ||    18
       Potion            |       |       |     3 |     4 ||     7
 Stab: Sleeping          |     1 |       |    14 |       ||    15
       Held in net/web   |       |     1 |       |       ||     1
       Distracted        |       |       |     3 |     2 ||     5
  Eat: Chunk             |     1 |     2 |     2 |       ||     5
       Ration            |       |     3 |     4 |     1 ||     8
Armor: Leather armour    |    10 |       |       |       ||    10
       Ring mail         |    14 |    31 |    25 |       ||    70
       Troll leather arm |       |       |    72 |    28 ||   100
Dodge: Dodged            |    86 |    34 |   302 |   123 ||   545

Table legend:
 A = Spawn XP
 B = Non-spawn XP
 C = Spawn XP percentage of total XP
 D = Spawn monster count
 E = Non-spawn monster count
 F = Spawn count percentage of total count
 G = Total turns spent on level
                    A         B        C        D         E        F      G
               +---------+---------+-------+---------+---------+-------+---------
         Total |     211 |    8828 |   2.3 |       1 |     219 |   0.5 |  7964
               +---------+---------+-------+---------+---------+-------+---------
           D:1 |       0 |      32 |   0.0 |       0 |      16 |   0.0 |  1054
           D:2 |       0 |      71 |   0.0 |       0 |      24 |   0.0 |   671
           D:3 |       0 |     529 |   0.0 |       0 |      22 |   0.0 |   786
           D:4 |       0 |     329 |   0.0 |       0 |      20 |   0.0 |   861
           D:5 |       0 |     983 |   0.0 |       0 |      23 |   0.0 |   846
           D:6 |       0 |     664 |   0.0 |       0 |      19 |   0.0 |   735
           D:7 |       0 |     566 |   0.0 |       0 |      14 |   0.0 |  1205
           D:8 |       0 |    1836 |   0.0 |       0 |      24 |   0.0 |   906
           D:9 |       0 |    3667 |   0.0 |       0 |      51 |   0.0 |   627
       Abyss:1 |     211 |       0 | 100.0 |       1 |       0 | 100.0 |   134
         Sewer |       0 |     151 |   0.0 |       0 |       6 |   0.0 |   139
               +---------+---------+-------+---------+---------+-------+---------
